 Dungeon Crawl Stone Soup version 0.28.0-47-ge53b351184 (webtiles) character file.

Game seed: 407939119944262076

2256 pkoi the Stinger (level 8, -5/57 (63) HPs)
             Began as a Demigod Venom Mage on May 7, 2022.
             Slain by a wight
             ... wielding a +6 trident of freezing
              (6 damage)
             ... on level 8 of the Dungeon.
             The game lasted 00:16:13 (13181 turns).

pkoi the Stinger (Demigod Venom Mage)              Turns: 13181, Time: 00:16:13

HP:   -5/57 (63)    AC: 12    Str: 15    XL:     8   Next: 93%
MP:   17/17         EV: 13    Int: 22    God:
Gold: 428           SH:  0    Dex: 14    Spells: 4/15 levels left

rFire   . . .      SeeInvis .   n - +5 rapier
rCold   . . .      Faith    .   (no shield)
rNeg    . . .      Spirit   .   a - +0 robe
rPois   .          Reflect  .   (no helmet)
rElec   .          Harm     .   y - +0 cloak
rCorr   .          Rampage  .   u - +3 Mad Mage's Maulers {Infuse+∞ RegenMP Int-3}
Will    .....                   z - +0 pair of boots
Stlth   ++........              (no amulet)
HPRegen 0.19/turn               h - +6 ring of strength
MPRegen 0.55/turn               o - +4 ring of protection

@: about to teleport, drained
A: high MP 1, forlorn, divine attributes
a: no special abilities


You were on level 8 of the Dungeon.
You visited 2 branches of the dungeon, and saw 9 of its levels.

You collected 428 gold pieces.

Inventory:

Hand Weapons
 b - a +0 spear
 e - a +0 rapier
 i - a +0 short sword
 l - a +0 short sword
 m - a +0 dagger of protection
 n - a +5 rapier (weapon)
Missiles
 k - 24 poisoned darts
 q - 3 throwing nets
Armour
 a - a +0 robe (worn)
 u - the +3 Mad Mage's Maulers (worn) {Infuse+∞ RegenMP Int-3}
   (You acquired it on level 5 of the Dungeon)

   It empowers its wearer's blows with all of their magic.
   It causes its wearer's magical reserves to regenerate more quickly.
   Int:       It affects your intelligence (-3).
 y - a +0 cloak (worn)
 z - a +0 pair of boots (worn)
Jewellery
 h - a +6 ring of strength (left hand)
 o - a +4 ring of protection (right hand)
 v - an amulet of the acrobat
Wands
 d - a wand of polymorph (9)
 x - a wand of flame (38)
Scrolls
 f - 2 scrolls of immolation
 g - 2 scrolls of teleportation
 p - a scroll of enchant weapon
 t - 5 scrolls of identify
 A - a scroll of amnesia
 C - a scroll of holy word
Potions
 c - a potion of brilliance {unknown}
 j - a potion of haste {unknown}
 r - 4 potions of might {unknown}
 s - a potion of heal wounds {unknown}
 w - a potion of invisibility {unknown}


   Skills:
 + Level 3.2 Fighting
 + Level 3.1 Armour
 + Level 3.9 Dodging
 - Level 1.7 Stealth
 + Level 1.5 Unarmed Combat
 + Level 4.0 Spellcasting
 - Level 2.0 Translocations
 + Level 2.1 Transmutations
 + Level 5.1 Air Magic
 - Level 6.0 Poison Magic


You had 4 spell levels left.
You knew the following spells:

 Your Spells              Type           Power      Damage    Failure   Level
a - Sting                 Tmut/Pois      88%        1d7       1%          1
b - Poisonous Vapours     Pois/Air       58%        N/A       1%          2
c - Mephitic Cloud        Conj/Pois/Air  20%        N/A       8%          3
d - Olgreb's Toxic Radia  Pois           30%        N/A       10%         4
e - Apportation           Tloc           26%        N/A       4%          1

Your spell library contained the following spells:

 Spells                   Type           Power      Damage    Failure   Level
 Gell's Gravitas          Tloc           13%        N/A       14%         3
 Lesser Beckoning         Tloc           13%        N/A       14%         3
 Teleport Other           Tloc           13%        N/A       14%         3
 Inner Flame              Hex/Fire       4%         N/A       32%         3
 Cause Fear               Hex            2%         N/A       73%         4
 Summon Ice Beast         Ice/Summ       4%         N/A       73%         4
 Alistair's Intoxication  Tmut/Pois      14%        N/A       50%         5
 Summon Mana Viper        Hex/Summ       4%         N/A       97%         5
 Monstrous Menagerie      Summ           2%         N/A       100%        7
 Discord                  Hex            2%         N/A       100%        8


Dungeon Overview and Level Annotations

Branches:
Dungeon (7/15)             Temple (1/1) D:5

Shops:
D:5 (

Portals:
Abyss: D:6


Innate Abilities, Weirdness & Mutations

You have an increased reservoir of magic. (+10% MP)
You shall have no god before yourself.
Your divine heritage dramatically boosts your attributes as you level up.


Message History

The wight is moderately damaged.
The wight misses you.
The wight hits you from afar with a +6 trident of freezing.
* * * LOW HITPOINT WARNING * * *
You feel drained.
* * * LOW HITPOINT WARNING * * *
The wight freezes you.
* * * LOW HITPOINT WARNING * * *
The wight hits you with a +2 flail.
* * * LOW HITPOINT WARNING * * *
You feel drained.
* * * LOW HITPOINT WARNING * * *
Things that are here:
a +0 vorpal scimitar; a +0 robe You puncture the wight!
You destroy the wight!
The helpless wight fails to defend itself.
You impale the wight!!
You destroy the wight!
The wight hits you from afar with a +6 trident of freezing!
* * * LOW HITPOINT WARNING * * *
You feel drained.
* * * LOW HITPOINT WARNING * * *
The wight freezes you.
* * * LOW HITPOINT WARNING * * *
Things that are here:
a +0 falchion of protection; a +0 robe The wight barely misses you.
Okay, then.
Unknown command.
Things that are here:
a +0 vorpal scimitar; a +0 robe
Things that are here:
a +2 flail; a +0 robe
As you read the scroll of teleportation, it crumbles to dust.
You feel strangely unstable.
The wight hits you from afar with a +6 trident of freezing!
* * * LOW HITPOINT WARNING * * *
You feel drained.
You die...

#.### #.)# #.# #..#
#.# #./# #)# #..# #.#
#..# #)# #z.# #.# #..#
#.############..######
#.....@.z............#
##############..####.#
#..# #.)$. ##.### #.#
#.. ###


You could see a wight.

Vanquished Creatures
  A wyvern (D:7)
  2 water moccasins (D:7)
  An orc warrior (D:7)
  An ice beast (D:5)
  2 ogres
  A phantom (D:4)
  2 kobold brigands
  3 bullfrogs
  2 scorpions
  2 wyvern skeletons (D:7)
  3 wights (D:8)
  A bullfrog zombie (D:7)
  A centaur zombie (D:7)
  A centaur skeleton (D:6)
  3 orc priests
  A jelly (D:5)
  2 hounds (D:6)
  A bullfrog skeleton (D:5)
  A gnoll shaman (D:5)
  4 iguanas
  3 orc wizards
  2 howler monkey zombies
  3 howler monkey skeletons
  8 gnolls
  5 adders
  2 white imps
  An ufetubus (D:7)
  An adder skeleton (D:4)
  3 worms
  3 dart slugs
  13 orcs
  5 endoplasms
  3 giant cockroaches
  5 goblins
  4 hobgoblins
  20 kobolds
  5 quokkas
  3 ball pythons
  4 bats
  3 frilled lizards
  2 rats (D:2)
  A lurking horror (D:6)
134 creatures vanquished.

Vanquished Creatures (others)
  A human (D:5)
  2 lurking horrors (D:6)
3 creatures vanquished.

Grand Total: 137 creatures vanquished

Notes
Turn   | Place    | Note
-------+----------+-------------------------------------------
     0 | D:1      | pkoi the Demigod Venom Mage began the quest for the Orb.
     0 | D:1      | Reached XP level 1. HP: 14/14 MP: 5/5
   370 | D:1      | Reached skill level 3 in Poison Magic
   750 | D:1      | Reached XP level 2. HP: 15/20 MP: 1/7
  1418 | D:1      | Learned a level 2 spell: Poisonous Vapours
  2427 | D:2      | Reached XP level 3. HP: 5/26 MP: 1/8
  2826 | D:2      | Reached skill level 1 in Air Magic
  3345 | D:2      | Reached skill level 4 in Poison Magic
  3376 | D:2      | Reached XP level 4. HP: 10/33 MP: 1/9
  4692 | D:4      | Reached XP level 5. HP: 38/38 MP: 6/10
  4784 | D:4      | Identified the +0 buckler of the Wumpus {*Corrode rC+++ rN+
                  | Stlth+}
  4923 | D:4      | Learned a level 3 spell: Mephitic Cloud
  5735 | D:5      | Entered Level 5 of the Dungeon
  5865 | D:5      | Reached skill level 5 in Poison Magic
  5865 | D:5      | Reached XP level 6. HP: 37/45 MP: 4/12
  6172 | D:5      | Found a staircase to the Ecumenical Temple.
  6180 | D:5      | Identified a scroll of acquirement
  6180 | D:5      | Acquired the +3 Mad Mage's Maulers {Infuse+∞ RegenMP Int-3}
  6180 | D:5      | Found the +3 Mad Mage's Maulers {Infuse+∞ RegenMP Int-3}
  6225 | Temple   | Entered the Ecumenical Temple
  6348 | D:5      | Learned a level 4 spell: Olgreb's Toxic Radiance
  6415 | D:5      | Found Tipax's Weapon Shop.
  7242 | D:5      | Reached skill level 1 in Armour
  7242 | D:5      | Reached XP level 7. HP: 51/51 MP: 0/15
  7304 | D:5      | Noticed a human
  7306 | D:5      | Killed a human
  7517 | D:6      | Reached skill level 1 in Fighting
  7646 | D:6      | Reached skill level 1 in Transmutations
  8989 | D:6      | Learned a level 1 spell: Apportation
  9064 | D:6      | Found a one-way gate to the infinite horrors of the Abyss.
 10003 | D:7      | Reached XP level 8. HP: 41/61 MP: 1/17
 11100 | D:7      | Reached skill level 1 in Translocations
 11941 | D:7      | Reached skill level 1 in Unarmed Combat
 11941 | D:7      | Reached skill level 5 in Air Magic
 12448 | D:7      | Reached skill level 6 in Poison Magic
 12711 | D:7      | You fall into a shaft and drop 1 floor!
 13115 | D:8      | HP: 1/58 [wight/+6 trident of freezing (2)]
 13181 | D:8      | HP: 1/59 [wight/+6 trident of freezing (13)]
 13181 | D:8      | Slain by a wight

Illustrated notes

Levels and vault maps discovered:
D:1:      ebering_trefoil_3fold, layout_basic,
          shapermc_ecumenical_altar_flowoftime, minivault_4
D:2:      layout_rooms, chequers_serial_rivers_marsh, grunt_ministairs_12,
          st_stairs_1
D:3:      layout_rooms
D:4:      layout_loops_ring, mainiacjoe_overflow_alcove_2,
          nemelex_xobeh_ov_fountains_minmay
D:5:      layout_basic, tgw_kikubaaqudgha, mainiacjoe_overflow_24_doors,
          mainiacjoe_overflow_large_starburst, minmay_temple_entry_ruins,
          serial_shops, shop
D:6:      layout_rooms, amcnicky_altar_lugonu_corruption
D:7:      layout_basic, minmay_fractal_squares_gapless_5
D:8:      layout_loops_ring, mainiacjoe_overflow_surrounded_room,
          nicolae_overflow_hidden_temple, uniq_harold
Temple:   compressed_dpeg_circular_temple

Skill      XL: |  1  2  3  4  5  6  7  8 |
---------------+-------------------------+-----
Poison Magic   | 3 4 5 6 |  6.0
Spellcasting   | 2 3 4 |  4.0
Air Magic      | 1 2 3 4 5 |  5.1
Dodging        | 2 3 |  3.9
Armour         | 1 2 3 |  3.1
Fighting       | 2 3 |  3.2
Transmutations | 2 |  2.1
Translocations | 2 |  2.0
Unarmed Combat | 1 |  1.5
Stealth        | |  1.7

Action                   |  1- 3 |  4- 6 |  7- 9 || total
-------------------------+-------+-------+-------++-------
Melee: Spear             |     5 |       |       ||     5
       Rapier            |     5 |    22 |    71 ||    98
       Punch             |       |       |     2 ||     2
 Cast: Sting             |    82 |   101 |   113 ||   296
       Poisonous Vapours |       |       |     6 ||     6
       Olgreb's Toxic Ra |       |       |     1 ||     1
  Use: Scroll            |     4 |     5 |     6 ||    15
 Stab: Sleeping          |       |       |     1 ||     1
Armor: Robe              |    10 |    21 |    86 ||   117
Dodge: Dodged            |    35 |    46 |   126 ||   207
